 Dungeon Crawl Stone Soup version 0.24.0-37-gcf1ca852f1 (webtiles) character file.

Game seed: 11131724124028588590, levelgen mode: deterministic

312 FishyPogo the Conjurer (level 6, -4/44 HPs)
             Began as a Gnoll Conjurer on Nov 30, 2019.
             Was an Initiate of Vehumet.
             Slain by an orc
             ... wielding a +0 trident
              (6 damage)
             ... on level 4 of the Dungeon.
             The game lasted 00:08:19 (2467 turns).

FishyPogo the Conjurer (Gnoll Conjurer)             Turns: 2467, Time: 00:08:19

Health: -4/44      AC:  3    Str: 10    XL:     6   Next: 42%
Magic:  5/14       EV: 21    Int: 20    God:    Vehumet [......]
Gold:   156        SH:  0    Dex: 20    Spells: 9/15 levels left

rFire    . . .     SeeInvis .   r - +2 dagger (vamp)
rCold    . . .     Gourm    .   (no shield)
rNeg     . . .     Faith    .   a - +0 robe
rPois    .         Spirit   .   (helmet restricted)
rElec    .         Reflect  .   m - +0 cloak (curse)
rCorr    .         Harm     .   (no gloves)
MR       .....     Rnd*Tele +   (no boots)
Stlth    ++........             (no amulet)
HPRegen  0.14/turn              h - ring of stealth
MPRegen  0.14/turn              j - ring of teleportation (curse)

@: agile, about to teleport, berserk cooldown, slowed, glowing, very slow
A: distributed training, antennae 1, fangs 1, blink, strong nose
a: Blink, Renounce Religion


You were on level 4 of the Dungeon.
You worshipped Vehumet.
Vehumet was noncommittal.
You were very full.

You visited 1 branch of the dungeon, and saw 4 of its levels.

You collected 156 gold pieces.

Inventory:

Hand Weapons
 r - a +2 vampiric dagger (weapon)
Missiles
 e - 49 stones (quivered)
 i - 4 poisoned darts
 t - 4 boomerangs
Armour
 a - a +0 robe (worn)
 m - a cursed +0 cloak (worn)
Jewellery
 h - a ring of stealth (left hand)
 j - a cursed ring of teleportation (right hand)
Scrolls
 o - 3 scrolls of identify
 s - a scroll of teleportation
Comestibles
 c - 4 rations


   Skills:
 + Level 1.9 Fighting
 + Level 1.9 Short Blades
 + Level 1.9 Long Blades
 + Level 1.9 Axes
 + Level 1.9 Maces & Flails
 + Level 1.9 Polearms
 + Level 1.9 Staves
 + Level 1.9 Slings
 + Level 1.9 Bows
 + Level 1.9 Crossbows
 + Level 1.9 Throwing
 + Level 1.9 Armour
 + Level 5.0 Dodging
 + Level 4.6 Stealth
 + Level 1.9 Shields
 + Level 1.9 Unarmed Combat
 + Level 5.3 Spellcasting
 + Level 7.3 Conjurations
 + Level 1.5 Hexes
 + Level 1.5 Charms
 + Level 1.5 Summonings
 + Level 1.5 Necromancy
 + Level 1.5 Translocations
 + Level 1.5 Transmutations
 + Level 1.5 Fire Magic
 + Level 1.5 Ice Magic
 + Level 1.5 Air Magic
 + Level 1.5 Earth Magic
 + Level 1.5 Poison Magic
 + Level 2.1 Invocations
 + Level 1.9 Evocations


You had 9 spell levels left.
You knew the following spells:

 Your Spells              Type           Power        Failure   Level  Hunger
a - Magic Dart            Conj           ####         1%          1    None
b - Searing Ray           Conj           ####..       1%          2    None
d - Dazzling Spray        Conj/Hex       ###...       5%          3    ##.....

Your spell library contained the following spells:

 Spells                   Type           Power        Failure   Level  Hunger
 Iskenderun's Mystic Bla  Conj           ####....     5%          4    ####...
 Force Lance              Conj/Tloc      ###.....     19%         4    ####...
 Fulminant Prism          Conj/Hex       ###.......   19%         4    ####...


Dungeon Overview and Level Annotations

Branches:
Dungeon (4/15)
 Temple: D:4-7

Altars:
Cheibriados
Vehumet


Innate Abilities, Weirdness & Mutations

Your experience applies equally to all skills.
You have very sharp teeth.
Your uncanny sense of smell can sniff out nearby items.
You have a pair of small antennae on your head.
You can translocate small distances at will.


Message History

The gnoll shaman hits you but does no damage.
The orc hits you but does no damage.
You hit the gnoll shaman but do no damage.
The gnoll shaman is severely wounded.
You feel less wooden.
Your cursed +0 cloak unmelds from your body.
Your +0 robe unmelds from your body.
The gnoll shaman closely misses you. The orc barely misses you.
Unknown command.
You aren't carrying any potions.
As you read the scroll of teleportation, it crumbles to dust.
You feel strangely unstable.
The gnoll shaman hits you with a +0 club.
* * * LOW HITPOINT WARNING * * *
The orc barely misses you. The gnoll shaman misses you.
You hit the gnoll shaman but do no damage.
Your bite misses the gnoll shaman.
The gnoll shaman is severely wounded.
The orc hits you from afar with a +0 trident.
You die...

####...?.....#
##########............#####
#..........####...........#
#......<#### #....#####..#
........# ##.### #.##
.....#### #)#####..$
...#....## #.........
.###..g..#######[........
.##...g...#....g@........
#......)...)..###........
..#....<..##...(.o.......
..##...........##........
#............#..#........
..#.......#####......."..
..........##............$
.###.........#...........
..............##.#######


You could see a gnoll shaman and an orc.

Vanquished Creatures
  A scorpion (D:4)
  A hound (D:4)
  An orc priest (D:4)
  A centaur skeleton (D:4)
  An orc wizard (D:3)
  A worker ant (D:4)
  5 gnolls (D:4)
  3 adders
  2 leopard geckos (D:4)
  7 orcs
  6 bats
  A giant cockroach (D:2)
  5 goblins
  4 hobgoblins
  7 kobolds
  A quokka (D:4)
  A ball python (D:2)
  5 frilled lizards (D:1)
  6 rats
59 creatures vanquished.

Notes
Turn   | Place    | Note
-------+----------+-------------------------------------------
     0 | D:1      | FishyPogo the Gnoll Conjurer began the quest for the Orb.
     0 | D:1      | Reached XP level 1. HP: 13/13 MP: 6/6
   108 | D:1      | Reached XP level 2. HP: 18/19 MP: 2/7
   113 | D:1      | Learned a level 2 spell: Searing Ray
   960 | D:2      | Reached XP level 3. HP: 24/25 MP: 5/9
   965 | D:2      | Learned a level 3 spell: Dazzling Spray
  1048 | D:2      | Reached skill level 5 in Spellcasting
  1676 | D:3      | Found a radiant altar of Vehumet.
  1681 | D:3      | Became a worshipper of Vehumet
  1687 | D:3      | Reached skill level 1 in Invocations
  1688 | D:3      | Reached skill level 1 in Fighting
  1688 | D:3      | Reached skill level 1 in Short Blades
  1688 | D:3      | Reached skill level 1 in Long Blades
  1688 | D:3      | Reached skill level 1 in Axes
  1688 | D:3      | Reached skill level 1 in Maces & Flails
  1688 | D:3      | Reached skill level 1 in Polearms
  1688 | D:3      | Reached skill level 1 in Staves
  1688 | D:3      | Reached skill level 1 in Slings
  1688 | D:3      | Reached skill level 1 in Bows
  1688 | D:3      | Reached skill level 1 in Crossbows
  1688 | D:3      | Reached skill level 1 in Throwing
  1688 | D:3      | Reached skill level 1 in Armour
  1688 | D:3      | Reached skill level 1 in Shields
  1688 | D:3      | Reached skill level 1 in Unarmed Combat
  1688 | D:3      | Reached skill level 1 in Evocations
  1688 | D:3      | Reached XP level 4. HP: 32/32 MP: 3/11
  1906 | D:3      | Found a snail-covered altar of Cheibriados.
  2119 | D:4      | Reached skill level 1 in Hexes
  2119 | D:4      | Reached skill level 1 in Charms
  2119 | D:4      | Reached skill level 1 in Summonings
  2119 | D:4      | Reached skill level 1 in Necromancy
  2119 | D:4      | Reached skill level 1 in Translocations
  2119 | D:4      | Reached skill level 1 in Transmutations
  2119 | D:4      | Reached skill level 1 in Fire Magic
  2119 | D:4      | Reached skill level 1 in Ice Magic
  2119 | D:4      | Reached skill level 1 in Air Magic
  2119 | D:4      | Reached skill level 1 in Earth Magic
  2119 | D:4      | Reached skill level 1 in Poison Magic
  2160 | D:4      | Reached XP level 5. HP: 37/37 MP: 0/12
  2181 | D:4      | Gained mutation: You can translocate small distances at
                  | will. [potion of mutation]
  2181 | D:4      | Gained mutation: You have a pair of small antennae on your
                  | head. [potion of mutation]
  2380 | D:4      | Reached XP level 6. HP: 34/44 MP: 7/13
  2439 | D:4      | HP: 4/99 [orc priest/divine providence (12)]
  2445 | D:4      | Reached skill level 5 in Dodging
  2466 | D:4      | HP: 1/44 [gnoll shaman/+0 club (4)]
  2467 | D:4      | Slain by an orc

Levels and vault maps discovered:
D:1:      dpeg_arrival_concentric_ovals, layout_basic
D:2:      layout_loops_ring, serial_rivers, chequers_serial_rivers_room_a,
          chequers_serial_rivers_small_a, chequers_serial_rivers_small_a,
          chequers_serial_rivers_micro_e, chequers_serial_rivers_room_b
D:3:      layout_basic, vehumet_crystals, overflow_temple_1_default
D:4:      layout_rooms, first_ration

Skill      XL: |  1  2  3  4  5  6 |
---------------+-------------------+-----
Spellcasting   | 5 |  5.3
Invocations    | 1 2 |  2.1
Fighting       | 1 |  1.9
Short Blades   | 1 |  1.9
Long Blades    | 1 |  1.9
Axes           | 1 |  1.9
Maces & Flails | 1 |  1.9
Polearms       | 1 |  1.9
Staves         | 1 |  1.9
Slings         | 1 |  1.9
Bows           | 1 |  1.9
Crossbows      | 1 |  1.9
Throwing       | 1 |  1.9
Armour         | 1 |  1.9
Shields        | 1 |  1.9
Unarmed Combat | 1 |  1.9
Evocations     | 1 |  1.9
Hexes          | 1 |  1.5
Charms         | 1 |  1.5
Summonings     | 1 |  1.5
Necromancy     | 1 |  1.5
Translocations | 1 |  1.5
Transmutations | 1 |  1.5
Fire Magic     | 1 |  1.5
Ice Magic      | 1 |  1.5
Air Magic      | 1 |  1.5
Earth Magic    | 1 |  1.5
Poison Magic   | 1 |  1.5
Dodging        | 5 |  5.0
Stealth        | |  4.6
Conjurations   | |  7.3

Action                   |  1- 3 |  4- 6 || total
-------------------------+-------+-------++-------
Melee: Dagger            |    20 |    36 ||    56
       Bite              |     2 |     1 ||     3
       Unarmed           |       |    11 ||    11
       Punch             |       |     2 ||     2
 Cast: Magic Dart        |    41 |    61 ||   102
       Dazzling Spray    |     1 |       ||     1
       Searing Ray       |       |     1 ||     1
  Use: Scroll            |     3 |     3 ||     6
       Potion            |       |     8 ||     8
 Stab: Sleeping          |     2 |     1 ||     3
  Eat: Chunk             |     1 |     3 ||     4
       Ration            |       |     2 ||     2
Armor: Robe              |     2 |     7 ||     9
       Skin              |       |    32 ||    32
Dodge: Dodged            |    27 |    40 ||    67
